 Dungeon Crawl Stone Soup version 0.28-a0-1143-gcf6077d4cc (webtiles) character file.

Game seed: 11846811595409646744

91 ytrimaz the Insei (level 4, -8/28 HPs)
             Began as an Octopode Transmuter on Dec 13, 2021.
             Mangled by a worm (10 damage)
             ... on level 2 of the Dungeon.
             The game lasted 00:01:53 (2440 turns).

ytrimaz the Insei (Octopode Transmuter)             Turns: 2440, Time: 00:01:53

Health: -8/28      AC:  1    Str:  9    XL:     4   Next: 59%
Magic:  8/8        EV: 13    Int: 17    God:
Gold:   52         SH:  0    Dex: 12    Spells: 2/8 levels left

rFire   . . .      SeeInvis .     - Unarmed
rCold   . . .      Faith    .   (no shield)
rNeg    . . .      Spirit   .   (helmet restricted)
rPois   +          Reflect  .   (no amulet)
rElec   .          Harm     .   a - ring of poison resistance
rCorr   .          Rampage  .   (no ring)
Will    .....                   (no ring)
Stlth   ++........              (no ring)
HPRegen 0.09/turn               (no ring)
MPRegen 0.11/turn               (no ring)
                                (no ring)
                                (no ring)

@: no status effects
A: almost no armour, amphibious, 8 rings, camouflage 1, gelatinous body 1,
(nimble swimmer 1), tentacles
a: no special abilities


You were on level 2 of the Dungeon.
You visited 1 branch of the dungeon, and saw 2 of its levels.

You collected 52 gold pieces.

Inventory:

Missiles
 c - 2 throwing nets
Jewellery
 a - a ring of poison resistance (left tentacle)
Scrolls
 d - a scroll of brand weapon
Potions
 b - a potion of mutation {unknown}


   Skills:
 * Level 1.6 Fighting
 - Level 2.0 Dodging
 + Level 3.6 Unarmed Combat
 * Level 2.8 Spellcasting
 * Level 3.1 Transmutations
 * Level 0.1 Poison Magic


You had 2 spell levels left.
You knew the following spells:

 Your Spells              Type           Power      Damage    Failure   Level
a - Beastly Appendage     Tmut           26%        N/A       4%          1
b - Wereblood             Tmut           13%        N/A       8%          2
c - Spider Form           Tmut/Pois      7%         N/A       26%         3

Your spell library contained the following spells:

 Spells                   Type           Power      Damage    Failure   Level
 Apportation              Tloc           4%         N/A       19%         1
 Ice Form                 Ice/Tmut       7%         N/A       67%         4
 Alistair's Intoxication  Tmut/Pois      4%         N/A       94%         5


Dungeon Overview and Level Annotations

Branches:
Dungeon (2/15)

Altars:

Shops:
D:1 !


Innate Abilities, Weirdness & Mutations

You cannot wear most types of armour.
You are amphibious.
You can wear up to eight rings at the same time.
Your skin changes colour to match your surroundings (Stealth+).
Your rubbery body absorbs attacks. (AC +1, EV +1)
((You are camouflaged near water. (Stealth+)))
You have tentacles for arms and can constrict up to eight enemies at once.


Message History

Your tentacle spike disappears.
A bat comes into view.
A bat is nearby!
A bat is nearby!
A bat is nearby!
You barely miss the bat. You grab the bat. You constrict the bat.
The bat misses you.
The bat struggles to escape constriction.
You tentacle-slap the bat.
You kill the bat!
No target in view!
You see here a bat corpse.
Found a spear.
You see here a +0 spear.
A worm comes into view.
A worm is nearby!
The worm bites you!
You barely miss the worm. You grab the worm. You constrict the worm.
You tentacle-slap the worm but do no damage.
The worm is lightly wounded.
You constrict the worm. The worm closely misses you.
You tentacle-slap the worm but do no damage.
The worm is lightly wounded.
You constrict the worm.
You tentacle-slap the worm but do no damage.
The worm is moderately wounded.
You constrict the worm. The worm bites you!
Unknown command.
You tentacle-slap the worm.
The worm is moderately wounded.
You constrict the worm. The worm bites you!
* * * LOW HITPOINT WARNING * * *
You tentacle-slap the worm but do no damage.
The worm is moderately wounded.
You constrict the worm.
Unknown command.
You tentacle-slap the worm but do no damage.
The worm is heavily wounded.
You constrict the worm. The worm bites you!
You die...

#.#
##.##.......
#)#
#####.#....
#.# #.#....
#.# #.##...
#.# #.#####
#.# #. #.#
#. #.# #@#
#w# #.# #..
###


You could see a worm.

Vanquished Creatures
  3 gnolls (D:2)
  A worm (D:2)
  4 dart slugs (D:1)
  2 endoplasms (D:1)
  3 giant cockroaches
  7 goblins
  7 hobgoblins
  4 jackals (D:2)
  3 kobolds (D:1)
  2 quokkas (D:1)
  5 ball pythons
  2 bats
  3 frilled lizards (D:1)
46 creatures vanquished.

Notes
Turn   | Place    | Note
-------+----------+-------------------------------------------
     0 | D:1      | ytrimaz the Octopode Transmuter began the quest for the
                  | Orb.
     0 | D:1      | Reached XP level 1. HP: 13/13 MP: 3/3
   287 | D:1      | Reached XP level 2. HP: 18/18 MP: 3/5
   539 | D:1      | Learned a level 2 spell: Wereblood
   582 | D:1      | Found Pumpuwau's Distillery.
   856 | D:1      | Reached XP level 3. HP: 23/23 MP: 4/6
   860 | D:1      | Learned a level 3 spell: Spider Form
  1844 | D:2      | Reached XP level 4. HP: 15/28 MP: 3/8
  2089 | D:2      | Found a faded altar of an unknown god.
  2440 | D:2      | Mangled by a worm

Illustrated notes

Levels and vault maps discovered:
D:1:      matt_arrival_grand_opening, layout_basic, serial_shops,
          nicolae_shop_temple_entry_statues_fountains
D:2:      layout_loops_ring, hellmonk_ecumenical_altar_leap_of_faith

Skill      XL: |  1  2  3  4 |
---------------+-------------+-----
Transmutations | 3 |  3.1
Fighting       | |  1.6
Dodging        | |  2.0
Unarmed Combat | |  3.6
Spellcasting   | |  2.8
Poison Magic   | |  0.1

Action                   |  1- 3 |  4- 6 || total
-------------------------+-------+-------++-------
Melee: Unarmed           |    90 |    36 ||   126
       Constrict         |    23 |     7 ||    30
       Kick              |    12 |     1 ||    13
       Tentacles         |     9 |     3 ||    12
       Punch             |     3 |     1 ||     4
 Cast: Beastly Appendage |    14 |     2 ||    16
       Spider Form       |     1 |       ||     1
       Wereblood         |       |     1 ||     1
  Use: Scroll            |     2 |       ||     2
 Stab: Sleeping          |     3 |     1 ||     4
Armor: Skin              |     6 |     3 ||     9
Dodge: Dodged            |    55 |    28 ||    83

Table legend: (Time is in decaauts)
 A = Elapsed time spent in this place.
 B = Non-inter-level travel time spent in this place.
 C = Inter-level travel time spent in this place.
 D = Time resting spent in this place.
 E = Time spent auto-exploring this place.
 F = Levels seen in this place.
 G = Mean time per level.
                   A        B        C        D        E       F      G
               +--------+--------+--------+--------+--------+-----+--------+
         Total |   2430 |   2399 |     31 |     17 |   2016 |   2 | 1215.0 |
       Dungeon |   2430 |   2399 |     31 |     17 |   2016 |   2 | 1215.0 |
               +--------+--------+--------+--------+--------+-----+--------+

Top non-repeatable levels by time:
     D:1: 1744 daAuts
     D:2: 686 daAuts
